woodfighter, neutral female human Tourist ------- |.`...| |......####################` I`###########-------------- -------- |.....| #|............| |......| |.....| --------------- #|.............# |......| -.----- #..............| #|............|# #.......| ######### ###|..............# #--------.-----####--.----- # # |...........<*|# ################# # ### ### ---------------### # ### ### # # # ###### ## # ### ### ### ---------- #### # [ # # |....).W.| # ##-------|---- -------------.-# ##.....)@W..##### #--.........(-- |..>..........|# |....).).| #|..[.........| |.............|# |...)...)| #|............| |..............# ---------- #.............| --------------- --..........-- ------------ woodfighter the Excursionist Experience level: 8 Strength: 18 Dexterity: 16 Constitution: 17 Intelligence: 12 Wisdom: 7 Charisma: 19 Health: 0(77) Energy: 38(38) Def: 24 Gold: 122 Moves: 18175 Dungeon seed: EABvOmHPYAIsRgOR Game ID: woodfighter_1529224838 Your Inventory: Coins $ - 122 gold pieces Amulets w - an uncursed amulet of reflection (being worn) Weapons l - a +0 dart I - a blessed +11 dagger named Death Dagger (weapon in hand) V - 48 blessed +2 darts (in quiver) Armor e - an uncursed +0 pair of leather gloves n - an uncursed +0 pair of gauntlets of power r - an uncursed +0 set of red dragon scales z - an uncursed +0 mummy wrapping (being worn) B - an uncursed +0 pair of gauntlets of fumbling D - a blessed greased +5 gray dragon scale mail (being worn) K - an uncursed thoroughly rusty +0 orcish helm (being worn) S - an uncursed +0 pair of elven boots (being worn) T - an uncursed +2 small shield (being worn) U - a blessed +2 dwarvish cloak Comestibles c - 3 uncursed tripe rations k - a cursed tin of elf meat o - an uncursed cram ration p - 7 uncursed food rations v - 2 uncursed oranges M - an uncursed fortune cookie Z - 2 uncursed lizard corpses Rings R - an uncursed ring of see invisible (on right hand) Wands d - a wand of digging (0:7) f - a wand of sleep (0:6) g - a wand of lightning (0:3) h - a wand of teleportation (0:5) A - a wand of teleportation (0:6) G - a wand of create monster (0:15) H - a wand of teleportation (0:8) J - a wand of fire (0:6) Q - a wand of digging (0:5) Tools b - an uncursed stethoscope q - a +0 unicorn horn s - a blessed bag of holding y - an uncursed skeleton key P - an uncursed bugle W - an uncursed towel Gems L - a blessed luckstone Contents of the bag of holding: 11071 gold pieces an uncursed -1 pair of levitation boots a [uncursed] C-ration an uncursed lizard corpse 2 uncursed sprigs of wolfsbane a [uncursed] scroll of create monster a [uncursed] scroll of enchant armor a [cursed] scroll of enchant weapon 2 [uncursed] scrolls of enchant weapon 2 [cursed] scrolls of fire 7 [uncursed] scrolls of fire 2 [uncursed] scrolls of identify a [uncursed] scroll of taming 2 [blessed] scrolls of teleportation a [uncursed] potion of full healing a [uncursed] potion of gain level a [blessed] potion of healing a [uncursed] potion of invisibility 2 [uncursed] potions of object detection a [uncursed] potion of oil a [uncursed] potion of speed a [cursed] [-1] ring of adornment a [uncursed] [-1] ring of adornment a [cursed] [-2] ring of adornment a [uncursed] [-1] ring of adornment a [cursed] [-1] ring of adornment a [uncursed] [-1] ring of adornment an uncursed ring of fire resistance a [uncursed] ring of fire resistance a [uncursed] ring of fire resistance a [uncursed] ring of fire resistance a [uncursed] ring of fire resistance a [uncursed] ring of levitation an uncursed rusty [+0] pick-axe an uncursed [+0] unicorn horn a [uncursed] [+0] unicorn horn Spells and supernatural/magical abilities: Name Level Category Fail Memory a - force bolt 1 attack 60% 90% j - jumping 1 escape 60% 90% l - light 1 divination 60% 90% s - slow monster 1 enchantment 60% 90% w - wizard lock 2 matter 100% 90% z - sleep 2 enchantment 100% 90% E - detect food 2 divination 100% 90% G - detect treasure 4 divination 100% 90% I - identify 3 divination 100% 68% M - magic mapping 5 divination 100% 90% W - pray for help -- divine ? -- Your skills at the end: Miscellaneous Skills shield [Basic] wands [Basic] Weapon Skills dart [Expert] Spellcasting Skills Final Attributes: You were fervently aligned. You were fire resistant. You were cold resistant. You were poison resistant. You were magic-protected. You saw invisible. You were telepathic. You were visible. You were very stealthy. You were protected. You were fast. You had reflection. You were lucky. You had extra luck. Good luck did not time out for you. You are dead. Vanquished creatures: 3 ancient red dragons 2 red dragons 14 young red dragons a trapper a vampire lord a nurse a lurker above a golden naga a black pudding 2 ghosts a lieutenant a queen bee 2 giant mimics 2 ogre kings a rock troll a flesh golem a large mimic a couatl a stalker 2 water elementals a hill giant a black naga a winter wolf a quantum mechanic 2 small mimics 4 warhorses 2 xans 2 ogre lords 9 trolls 3 wood golems 2 freezing spheres a flaming sphere 3 shocking spheres a gargoyle 2 dwarf kings a tengu 5 gelatinous cubes an ochre jelly 2 crocodiles a chameleon an energy vortex 2 mountain centaurs a giant a python a soldier a giant beetle 2 wolves 3 winter wolf cubs 3 black lights 2 lynxes 62 leprechauns a quivering blob 6 lizards 3 mountain nymphs 2 orc-captains 2 mumakil 11 giant spiders an iron piercer 2 horses 2 vampire bats 6 forest centaurs 2 gnome kings 2 orc mummies 2 dwarf mummies an ogre a Green-elf a rust monster 3 owlbears a yeti a gold golem 2 piranhas 7 guides 3 chickatrices 3 dogs 5 dingos a housecat 6 dwarf lords 4 water nymphs 2 white unicorns a black unicorn 3 dust vortices a raven 4 plains centaurs a gnome mummy a Woodland-elf an ape 2 human zombies 2 rope golems 4 soldier ants 5 yellow lights 14 bugbears 3 imps 4 wood nymphs 14 Mordor orcs 15 Uruk-hai 16 orc shamans a rock mole 2 rock piercers a pony 4 fog clouds 5 shriekers 4 violet fungi 18 gnome lords 5 gnomish wizards a kobold mummy a black naga hatchling a golden naga hatchling a guardian naga hatchling a gray ooze 2 elf zombies 5 ghouls a straw golem 3 paper golems 2 giant ants 3 puppies 6 floating eyes 4 kittens 18 dwarves 4 homunculi 3 kobold lords 2 kobold shamans 4 iguanas 27 hill orcs 5 rothes 3 centipedes 5 jitterbugs 2 giant bats 3 orc zombies 7 dwarf zombies 4 wererats 2 werejackals 22 killer bees 10 coyotes 2 gas spores 7 hobbits an acid blob 2 large kobolds 14 geckos 20 hobgoblins 4 giant rats 9 cave spiders 3 yellow molds 5 green molds 2 red molds 53 gnomes 4 garter snakes 3 gnome zombies 13 jackals 3 foxes 5 kobolds 6 newts 10 goblins 4 sewer rats 3 grid bugs 4 bats 5 lichens 2 kobold zombies 714 creatures vanquished. Genocided species: island nymphs 1 species genocided. Voluntary challenges: You did not cause conflict. You were not invisible. You were not displaced. You used a wielded weapon 49 times, starting on turn 7262. You did not use plumbed fixtures. You read items or engraved 85 times, starting on turn 910. You genocided 1 type of monster, starting on turn 13618. You never polymorphed an object. You changed form 1 time, starting on turn 14948. You completed Sokoban on turn 7246, according to the rules. You used 1 wish, starting on turn 13626. You did not wish for any artifacts. You never split a pudding. You never wrote Elbereth's name. You violated your moral code, losing 5 points of alignment, starting on turn 15018. Dungeon overview: The Dungeons of Doom: levels 1 to 21 Level 1 a fountain a long staircase Level 2 (vault) a potion shop Level 3 some altars to The Lady and Offler Level 4 (vault) an armor shop stairs to The Gnomish Mines Level 5 a delicatessen, some fountains Level 6 (water) some fountains Level 7 (vault) an altar to Blind Io, a fountain, a sink Level 8 a fountain Level 9 many fountains Level 10 stairs to Sokoban Level 11 a fountain Level 12 a fountain Level 13 Level 14 a fountain Level 15 Level 16 (quest + vault) <- You were here portal to The Quest Level 17 (rogue) Level 18 Level 19 Level 20 a scroll shop, a fountain Level 21 (blood puddings) a sink The Gnomish Mines: levels 5 to 12 Level 5 stairs to The Dungeons of Doom Level 6 Level 7 many shops, a temple to Offler, a magic chest, some fountains, some trees Level 8 Level 9 Level 10 Level 11 Level 12 many altars to Moloch, a magic chest, some fountains The Quest: Level 1 portal to The Dungeons of Doom Sokoban: levels 6 to 9 Level 6 a magic chest Level 7 Level 8 Level 9 an altar to Blind Io, a magic chest stairs to The Dungeons of Doom History has recorded: On T:1 you entered the Dungeons of Doom to retrieve the Amulet of Yendor! On T:16 you reached level 2 of The Dungeons of Doom. On T:510 you advanced to experience level 2. On T:517 you reached level 3 of The Dungeons of Doom. On T:868 you reached level 4 of The Dungeons of Doom. On T:943 you advanced to experience level 3. On T:1184 you reached level 5 of The Dungeons of Doom. On T:1544 you reached level 1 of The Gnomish Mines. On T:1766 you advanced to experience level 4. On T:1819 you reached level 6 of The Dungeons of Doom. On T:2175 you reached level 7 of The Dungeons of Doom. On T:2194 you advanced to experience level 5. On T:2474 you reached level 8 of The Dungeons of Doom. On T:2970 you advanced to experience level 6. On T:2986 you reached level 9 of The Dungeons of Doom. On T:3820 you reached level 10 of The Dungeons of Doom. On T:3859 you advanced to experience level 7. On T:4075 you reached level 4 of Sokoban. On T:4165 you opened a magic chest. On T:4752 you reached level 3 of Sokoban. On T:5288 you reached level 2 of Sokoban. On T:5367 you advanced to experience level 8. On T:6167 you prayed to The Lady. On T:6236 you reached level 1 of Sokoban. On T:7246 you advanced to experience level 9. On T:7246 you entered the Sokoban zoo. On T:8215 you reached level 2 of The Gnomish Mines. On T:8416 you reached level 3 of The Gnomish Mines. On T:9097 you entered the Minetown temple On T:9264 you reached level 4 of The Gnomish Mines. On T:9482 you reached level 5 of The Gnomish Mines. On T:9699 you reached level 6 of The Gnomish Mines. On T:10374 you reached level 8 of The Gnomish Mines. On T:10374 you reached the bottom of the Mines. On T:10414 you advanced to experience level 10. On T:12003 you reached level 11 of The Dungeons of Doom. On T:12329 you reached level 12 of The Dungeons of Doom. On T:12879 you reached level 13 of The Dungeons of Doom. On T:13127 you advanced to experience level 11. On T:13224 you reached level 14 of The Dungeons of Doom. On T:13314 you prayed to The Lady. On T:13626 you wished for "+3 blessed fixed greased gray dragon scale mail". On T:13747 you reached level 15 of The Dungeons of Doom. On T:14077 you reached level 16 of The Dungeons of Doom. On T:14688 you prayed to The Lady. On T:15473 you reached level 17 of The Dungeons of Doom. On T:15473 you entered the Rogue tribute level. On T:15529 you reached level 18 of The Dungeons of Doom. On T:15901 you prayed to The Lady. On T:16550 you reached level 19 of The Dungeons of Doom. On T:16821 you advanced to experience level 12. On T:16827 you prayed to The Lady. On T:17158 you reached level 20 of The Dungeons of Doom. On T:17871 you reached level 21 of The Dungeons of Doom. On T:18100 you reached level 1 of The Quest. Score breakdown: Gold: 10220 ( 1022 points) Experience: 8 levels ( 700 points) Exploration: 21 levels ( 600 points) Discoveries: 66 items ( 2000 points) Variety of kills: 157 monsters ( 2000 points) Major goal: Sokoban/Mines ( 1500 points) Survival: died (score multiplied by 3) Total score: 23466 Latest messages: The giant spider misses. You throw 2 darts. The 1st dart hits the giant spider! You kill the giant spider! The wraith touches you! Aloha level 11. The wraith misses. (2x) You are stuck to the web. The wraith misses. (2x) The wraith touches you! You are stuck to the web. The wraith misses. The wraith touches you! You are stuck to the web. The wraith touches you! Aloha level 10. You feel less perceptive! The wraith touches you! The wraith misses. You are stuck to the web. The wraith misses. The wraith touches you! (2x) Aloha level 9. You are stuck to the web. The wraith misses. The wraith touches you! You die... Final status: Aloha woodfighter the Tourist, killed by a wraith... You died in The Dungeons of Doom on dungeon level 16 with 23466 points, and 11193 pieces of gold, after 18175 moves. You were level 8 with a maximum of 77 hit points when you died.